 Dungeon Crawl Stone Soup version 0.27.1 (webtiles) character file.

Game seed: 12178468085538904210

667 VictoriousLee the Carver (level 7, -2/52 HPs)
             Began as a Barachi Fighter on Sept 3, 2021.
             Slain by a water moccasin (5 damage)
             ... on level 6 of the Dungeon.
             The game lasted 00:17:06 (5589 turns).

VictoriousLee the Carver (Barachi Fighter)          Turns: 5589, Time: 00:17:07

Health: -2/52      AC: 12    Str: 19    XL:     7   Next: 57%
Magic:  7/7        EV:  5    Int:  8    God:
Gold:   199        SH: 14    Dex: 12    Spells: 4/6 levels left

rFire    . . .     SeeInvis .   a - +0 long sword
rCold    . . .     Faith    .   c - +0 kite shield
rNeg     . . .     Spirit   .   f - +0 chain mail
rPois    .         Reflect  +   C - +2 hat
rElec    .         Harm     .   (no cloak)
rCorr    .         Rampage  .   (no gloves)
Will     .....                  x - +0 pair of boots
Stlth    ..........             l - amulet of reflection
HPRegen  0.17/turn              m - ring of wizardry
MPRegen  0.10/turn              (no ring)

@: lethally poisoned (-2 -> -4), slow
A: amphibious, slowness 1, strong legs 1, +LOS
a: Hop


You were on level 6 of the Dungeon.
You visited 1 branch of the dungeon, and saw 6 of its levels.

You collected 199 gold pieces.

Inventory:

Hand Weapons
 a - a +0 long sword (weapon)
 g - a +2 short sword of holy wrath
 n - a +1 dagger of venom
 r - a +1 whip of electrocution
 u - a +2 dagger of venom
 A - a +0 arbalest
Missiles
 h - 59 arrows
 p - 84 stones
 s - 15 poisoned darts
 y - 54 bolts
 H - 2 boomerangs
Armour
 b - a +0 scale mail
 c - a +0 kite shield (worn)
 f - a +0 chain mail (worn)
 x - a +0 pair of boots (worn)
 C - a +2 hat (worn)
Jewellery
 l - an amulet of reflection (around neck)
 m - a ring of wizardry (left hand)
Wands
 o - a wand of digging (6)
 E - a wand of acid (3)
Scrolls
 e - 2 scrolls of magic mapping {unknown}
 i - 2 scrolls of identify {unknown}
 k - a scroll of amnesia {unknown}
 v - 2 scrolls of teleportation {unknown}
 w - a scroll of immolation {unknown}
 z - 2 scrolls of blinking {unknown}
 D - a scroll of vulnerability {unknown}
 F - 2 scrolls of noise {unknown}
Potions
 d - a potion of might
 j - a potion of flight {unknown}
 q - a potion of heal wounds
 t - a potion of attraction {unknown}
 B - a potion of invisibility {unknown}
 G - a potion of berserk rage {unknown}


   Skills:
 - Level 3.6 Fighting
 + Level 9.9 Long Blades
 - Level 3.6 Armour
 - Level 3.2 Shields


You had 4 spell levels left.
You knew the following spells:

 Your Spells              Type           Power      Damage    Failure   Level
a - Blink                 Tloc           N/A        N/A       100%        2

Your spell library contained the following spells:

 Spells                   Type           Power      Damage    Failure   Level
 Foxfire                  Conj/Fire      0%         2x1d4     100%        1
 Summon Small Mammal      Summ           0%         N/A       100%        1
 Sublimation of Blood     Necr           0%         N/A       100%        2
 Wereblood                Tmut           0%         N/A       100%        2
 Call Canine Familiar     Summ           0%         N/A       100%        3
 Conjure Flame            Conj/Fire      0%         6-21      100%        3
 Gell's Gravitas          Tloc           0%         N/A       100%        3
 Ignite Poison            Fire/Tmut/Pois 0%         N/A       100%        3
 Inner Flame              Hex/Fire       0%         N/A       100%        3
 Lesser Beckoning         Tloc           0%         N/A       100%        3
 Mephitic Cloud           Conj/Pois/Air  0%         N/A       100%        3
 Summon Guardian Golem    Hex/Summ       0%         N/A       100%        3
 Teleport Other           Tloc           0%         N/A       100%        3
 Bolt of Magma            Conj/Fire/Erth 0%         4d4       100%        5
 Iskenderun's Battlesphe  Conj           0%         2d6       100%        5
 Manifold Assault         Tloc           0%         N/A       100%        5
 Iron Shot                Conj/Erth      0%         9d1       100%        6
 Spellforged Servitor     Conj/Summ      0%         N/A       100%        7
 Storm Form               Tmut/Air       0%         N/A       100%        7
 Summon Hydra             Summ           0%         N/A       100%        7


Dungeon Overview and Level Annotations

Branches:
Dungeon (6/15)
 Temple: D:4-7

Altars:
Kikubaaqudgha


Innate Abilities, Weirdness & Mutations

You are amphibious.
You cover ground slowly.
You can hop short distances.
You have an extended range of vision and can be seen from far away.


Message History

Aiming: Corrosive Bolt
Press: ? - help, Shift-Dir - straight line, f/p - water moccasin
Aim: a water moccasin (lightly wounded, 53% to hit)
The bolt of acid misses the water moccasin.
You feel very sick.
The water moccasin bites you but does no damage.
Aiming: Corrosive Bolt
Press: ? - help, Shift-Dir - straight line, f/p - water moccasin
Aim: a water moccasin (lightly wounded, 53% to hit)
The bolt of acid hits the water moccasin!
The water moccasin is splashed with acid.
The acid corrodes the water moccasin!
The water moccasin is severely wounded.
You feel very sick. The water moccasin bites you.
* * * LOW HITPOINT WARNING * * *
You block the water moccasin's attack.
Your shield and chain mail prevent you from hitting the water moccasin.
The water moccasin is severely wounded.
You feel sick. You block the water moccasin's attack.
You hit the water moccasin.
The water moccasin is almost dead.
You feel sick. You block the water moccasin's attack.
The water moccasin bites you.
* * * LOW HITPOINT WARNING * * *
You hit the water moccasin but do no damage.
The water moccasin is almost dead.
* * * LOW HITPOINT WARNING * * *
You feel sick. You block the water moccasin's attack.
The water moccasin bites you but does no damage.
You miss the water moccasin.
The water moccasin is almost dead.
* * * LOW HITPOINT WARNING * * *
You feel sick. You block the water moccasin's attack.
You hit the water moccasin.
The water moccasin is almost dead.
* * * LOW HITPOINT WARNING * * *
You feel sick. You block the water moccasin's attack.
The water moccasin bites you.
You die...

#..#.# #.# #.##.
#.#.#..#.######.# #.##.
#......^........###♣'♣♣♣
###.####.#####....#♣....
#..............♣.###
#.##.#####.....♣....
#.##.# +..<..'.._.
#.##.##.##.....♣....
#..@S..........♣.###
#####.#.######.♣.... .#
.. ..♣'♣♣♣ .# ## ###.#..
.# #...... .# #...... .#
#...... .########......
.#.............


You could see a water moccasin (corroded).

Vanquished Creatures
  A black bear (D:5)
  A sky beast (D:5)
  An ogre (D:5)
  A phantom (D:4)
  A water moccasin zombie (D:3)
  A bullfrog zombie (D:5)
  A centaur zombie (D:5)
  A bullfrog skeleton (D:5)
  2 hounds
  3 adders
  2 worms
  2 dart slugs (D:2)
  7 orcs
  8 ball pythons
  4 bats
  4 endoplasms (D:3)
  2 giant cockroaches
  11 goblins
  6 hobgoblins
  5 jackals
  7 kobolds
  2 quokkas
  2 frilled lizards (D:1)
  6 rats
81 creatures vanquished.

Notes
Turn   | Place    | Note
-------+----------+-------------------------------------------
     0 | D:1      | VictoriousLee the Barachi Fighter began the quest for the
                  | Orb.
     0 | D:1      | Reached XP level 1. HP: 18/18 MP: 1/1
    52 | D:1      | Reached skill level 3 in Long Blades
    94 | D:1      | Reached XP level 2. HP: 23/24 MP: 2/2
   500 | D:1      | Reached skill level 4 in Long Blades
   508 | D:1      | Reached XP level 3. HP: 18/29 MP: 3/3
  1616 | D:2      | Reached skill level 5 in Long Blades
  1755 | D:2      | Reached XP level 4. HP: 36/36 MP: 4/4
  2880 | D:3      | Reached skill level 6 in Long Blades
  2880 | D:3      | Reached XP level 5. HP: 33/41 MP: 5/5
  3427 | D:4      | Noticed a phantom
  3444 | D:4      | Killed a phantom
  3445 | D:4      | Reached skill level 7 in Long Blades
  3445 | D:4      | Reached XP level 6. HP: 10/47 MP: 6/6
  4443 | D:5      | Entered Level 5 of the Dungeon
  4658 | D:5      | Reached skill level 8 in Long Blades
  4693 | D:5      | Learned a level 2 spell: Blink
  4778 | D:5      | Noticed a black bear
  4792 | D:5      | Reached XP level 7. HP: 38/52 MP: 7/7
  4794 | D:5      | Reached skill level 9 in Long Blades
  5471 | D:6      | Found an ancient bone altar of Kikubaaqudgha.
  5493 | D:6      | Noticed a steam dragon
  5589 | D:6      | Slain by a water moccasin

Illustrated notes

Levels and vault maps discovered:
D:1:      onia_arrival_mini_spirals, layout_loops_ring
D:2:      layout_basic, minmay_heptomino_o4
D:3:      layout_loops_corners, serial_bayou_ford_a, minmay_crystal_water
D:4:      layout_loops_corners
D:5:      wander_river, layout_basic
D:6:      layout_basic, mainiacjoe_overflow_surrounded_room,
          mainiacjoe_overflow_six_doors_small, hex_medium, serial_bayou_pond_c,
          minmay_manual_mess

Skill      XL: |  1  2  3  4  5  6  7 |
---------------+----------------------+-----
Long Blades    | 3 4 5 6 7 8 9 |  9.9
Fighting       | |  3.6
Armour         | |  3.6
Shields        | |  3.2

Action                   |  1- 3 |  4- 6 |  7- 9 || total
-------------------------+-------+-------+-------++-------
Melee: Long sword        |   142 |   158 |    38 ||   338
Evoke: Wand              |       |     1 |     3 ||     4
  Use: Potion            |       |     1 |     1 ||     2
Armor: Chain mail        |    80 |    63 |    23 ||   166
Dodge: Dodged            |    20 |    25 |     3 ||    48
Block: Kite shield       |    93 |   109 |    21 ||   223
       Reflection        |     2 |     1 |       ||     3
       Rpst.: Long sword |     4 |     7 |       ||    11
